 Dungeon Crawl Stone Soup version 0.20.0-8-g6b59dc7 (webtiles) character file.

1332 Firecrotchwizard the Grappler (level 8, -4/75 HPs)
             Began as a Troll Monk on June 1, 2017.
             Slain by a wyvern zombie (12 damage)
             ... on level 6 of the Dungeon.
             The game lasted 00:14:07 (3113 turns).

Firecrotchwizard the Grappler (Troll Monk)          Turns: 3113, Time: 00:14:07

Health: -4/75      AC:  5    Str: 20    XL:     8   Next: 34%
Magic:  7/7        EV: 11    Int:  8    God:
Gold:   256        SH:  0    Dex: 12    Spells: 7/7 levels left

rFire    . . .     SeeInvis .     - Unarmed
rCold    . . .     Gourm    +   (no shield)
rNeg     + . .     Faith    .   a - +0 robe
rPois    .         Spirit   .   (helmet restricted)
rElec    .         Reflect  .   (no cloak)
rCorr    .         Harm     .   (gloves unavailable)
MR       .....                  (boots unavailable)
Stlth    +++.......             (no amulet)
Regen    0.7/turn               q - ring of positive energy {rN+}
MPRegen  0.1/turn               m - ring of stealth {Stlth+}

@: marked, very slightly contaminated, invisible
A: unfitting armour, claws 3, fast metabolism 3, gourmand, regeneration 1,
shaggy fur 1, tough skin 2
a: no special abilities


You were on level 6 of the Dungeon.
You were full.

You visited 1 branch of the dungeon, and saw 6 of its levels.

You collected 256 gold pieces.

Inventory:

Hand Weapons
 t - a +3 scythe of venom
   (You took it off Sigmund on level 5 of the Dungeon)
 x - a +3 flail of distortion {!w}
   (You took it off Edmund on level 6 of the Dungeon)
Missiles
 h - 2 large rocks (quivered) {!d}
Armour
 a - a +0 robe (worn)
Jewellery
 g - an uncursed ring of resist corrosion
   (You found it on level 1 of the Dungeon)
 m - a ring of stealth (right claw) {Stlth+}
   (You found it on level 2 of the Dungeon)
 q - a ring of positive energy (left claw) {rN+}
   (You found it on level 5 of the Dungeon)
Wands
 r - a wand of enslavement (13/24)
   (You found it on level 4 of the Dungeon)
Scrolls
 c - a scroll of remove curse
 f - 2 scrolls of teleportation
 j - a scroll of amnesia
 l - 4 scrolls of identify
 w - a scroll of magic mapping {!r}
Potions
 d - 2 potions of lignification {!q}
 e - 2 potions of curing
 i - a potion of berserk rage {unknown}
 o - a potion of cancellation {unknown}
 p - 2 potions of heal wounds {unknown}
 s - a potion of mutation {unknown}
 u - a potion of degeneration {unknown}
 v - a potion of invisibility
Comestibles
 b - 4 bread rations {@e1}
 k - 3 fruits
 n - a meat ration {@e2}


   Skills:
 + Level 3.4 Fighting
 + Level 2.2 Throwing
 + Level 3.3 Dodging
 - Level 1.0 Stealth
 - Level 9.4 Unarmed Combat


You had 7 spell levels left.
You didn't know any spells.

Dungeon Overview and Level Annotations

Branches:
Dungeon (6/15)
 Temple: D:4-7

Altars:
Xom

Annotations:
D:6 exclusion: Duvessa, Dowan, Duvessa


Innate Abilities, Weirdness & Mutations

You are too large for most types of armour.
You have claws for hands.
Your metabolism is lightning-fast.
You like to eat raw meat.
Your natural rate of healing is unusually fast.
You are covered in fur. (AC +1)
You have very tough skin. (AC +2)


Message History

You open the door.
There is an open door here.
Done exploring.
Done exploring.
(D) Dungeon
Where to? (Enter - D:5, ? - help)
There is an open door here.
There is a stone staircase leading down here.
You climb downwards.
There is a stone staircase leading up here.
Edmund is too close now for your liking.
Edmund shouts!
There is a stone staircase leading up here.
You scratch Edmund but do no damage. Edmund closely misses you.
You claw Edmund! Edmund barely misses you.
You mangle Edmund!!
Edmund hits you with a flail of distortion.
Space bends around you.
You take 8 damage, and have 67/75 hp.
You barely miss Edmund. You claw Edmund. You closely miss Edmund.
Edmund hits you with a flail of distortion.
You feel strangely unstable.
You take 5 damage, and have 62/75 hp.
You scratch Edmund but do no damage. Edmund closely misses you.
You barely miss Edmund. You claw Edmund.
You kill Edmund!
Your Throwing skill increases to level 2!
Your Dodging skill increases to level 3!
x - a flail of distortion {!w} You now have 256 gold pieces (gained 12).
You see here a runed scale mail.
You start resting.
Your surroundings suddenly seem different.
You may need something to eat soon, looking for food.
Can't find anything matching that.
Sorry, you're not good enough to have a special ability.
Duvessa, Sister of Dowan comes into view.
She is wielding a short sword.
You regained 9 hp, and now have 74/75 hp.
Health restored: 75 The alarm trap emits a blaring wail!
A sentinel's mark forms upon you.
You hear an angry hiss.
You hear a shout!
You hear an angry hiss.
You hear a shout! x2; You hear a croak.
Something shouts, "Slither home, thou weedy boil-brained gudgeon!"
Something shouts, "Take thy face hence, thou grime-gilt motley-minded ratsbane!"
You hear a shout!
You may need something to eat soon, looking for food.
Can't find anything matching that.
Sorry, you're not good enough to have a special ability.
You hear a loud, deep croak!
A centaur comes into view.
The centaur hits you but does no damage.
You claw the centaur! The centaur hits you.
You take 2 damage, and have 73/75 hp.
You completely miss the centaur. The centaur hits you.
You take 2 damage, and have 71/75 hp.
You scratch the centaur. The centaur hits you. The centaur hits you!
A wyvern zombie comes into view.
You take 13 damage, and have 58/75 hp.
You completely miss the centaur. The centaur barely misses you.
You scratch the centaur. The centaur closely misses you.
A ball python and a shadow imp come into view.
You barely miss the centaur.
The centaur hits you but does no damage.
You claw the centaur!
You kill the centaur!
A worker ant comes into view.
The wyvern zombie closely misses you. The wyvern zombie bites you!
An adder comes into view.
You take 6 damage, and have 55/75 hp.
You claw the wyvern zombie! The wyvern zombie bites you!
You take 10 damage, and have 45/75 hp.
You completely miss the wyvern zombie. The shadow imp gestures at you.
You struggle to resist.
The wyvern zombie bites you!
You take 14 damage, and have 31/75 hp.
You scratch the wyvern zombie.
The wyvern zombie bites you but does no damage.
The shadow imp hits you but does no damage.
You barely miss the wyvern zombie. The wyvern zombie bites you.
The shadow imp closely misses you.
You take 2 damage, and have 29/75 hp.
You claw the wyvern zombie! The wyvern zombie barely misses you.
The shadow imp hits you.
Dowan, Brother of Duvessa comes into view.
He is wielding a dagger.
You take 1 damage, and have 28/75 hp.
You fade into invisibility!
The wyvern zombie bites you!
* * * LOW HITPOINT WARNING * * *
The wyvern zombie bites you.
* * * LOW HITPOINT WARNING * * *
The shadow imp hits you.
* * * LOW HITPOINT WARNING * * *
You are very lightly contaminated with residual magic.
A worker ant comes into view.
You take 20 damage, and have 8/75 hp.
MASSIVE DAMAGE!!
You claw the wyvern zombie! The wyvern zombie bites you!
You die...

### ... ..
###.#Z#### ###
......S5.# #..
###.#.##@#.#####.##
# #Z#........#
#S#######..###
#a##.........#
#e##.##....#.#
#e##.#.....#.#
#a##.#...#.#.#
#....#...#.#.#
#######.##.#.#


You could see Duvessa, Dowan, 2 worker ants, an adder, a shadow imp, a wyvern
zombie, a ball python and a centaur skeleton.

Vanquished Creatures
  Sigmund (D:5)
  Menkaure (D:5)
  Edmund (D:6)
  A sky beast (D:5)
  An ogre (D:5)
  2 centaurs
  2 scorpions
  A hound (D:4)
  A jelly (D:5)
  A bullfrog skeleton (D:4)
  2 iguanas
  An orc wizard (D:4)
  5 worker ants
  Robin (D:3)
  4 gnolls (D:4)
  7 adders
  2 oozes (D:1)
  6 worms
  3 dart slugs
  3 leopard geckos
  2 orcs (D:4)
  A ball python (D:2)
  4 bats
  3 giant cockroaches
  15 goblins
  7 hobgoblins
  4 jackals (D:2)
  3 quokkas
  5 frilled lizards
  4 kobolds
  A leopard gecko zombie (D:5)
  2 rats
97 creatures vanquished.

Notes
Turn   | Place    | Note
-------+----------+-------------------------------------------
     0 | D:1      | Firecrotchwizard the Troll Monk began the quest for the Orb.
     0 | D:1      | Reached XP level 1. HP: 22/22 MP: 0/0
    61 | D:1      | Reached XP level 2. HP: 28/29 MP: 1/1
   259 | D:1      | Reached skill level 4 in Unarmed Combat
   411 | D:2      | Reached XP level 3. HP: 29/36 MP: 2/2
   549 | D:2      | Reached skill level 5 in Unarmed Combat
   549 | D:2      | Reached XP level 4. HP: 44/44 MP: 3/3
  1000 | D:3      | Noticed Robin
  1025 | D:3      | Killed Robin
  1025 | D:3      | Reached XP level 5. HP: 46/50 MP: 4/4
  1490 | D:4      | Reached skill level 6 in Unarmed Combat
  1771 | D:4      | Reached XP level 6. HP: 58/59 MP: 5/5
  1777 | D:4      | Reached skill level 7 in Unarmed Combat
  2150 | D:5      | Entered Level 5 of the Dungeon
  2189 | D:5      | Noticed a sky beast
  2196 | D:5      | Killed a sky beast
  2196 | D:5      | Reached skill level 8 in Unarmed Combat
  2196 | D:5      | Reached XP level 7. HP: 49/66 MP: 6/6
  2274 | D:5      | Found a shimmering altar of Xom.
  2296 | D:5      | Noticed Menkaure
  2309 | D:5      | Noticed Edmund
  2309 | D:5      | Killed Menkaure
  2412 | D:5      | Noticed Sigmund
  2423 | D:5      | Killed Sigmund
  2423 | D:5      | Reached skill level 9 in Unarmed Combat
  2425 | D:5      | HP: 15/66 [poisoned by Sigmund]
  2427 | D:5      | HP: 4/66 [worker ant (8)]
  2429 | D:5      | HP: 1/66 [poisoned by Sigmund]
  2439 | D:5      | HP: 16/66 [leopard gecko zombie (2)]
  2563 | D:5      | Reached skill level 1 in Throwing
  2563 | D:5      | Reached XP level 8. HP: 58/74 MP: 7/7
  2800 | D:5      | Reached skill level 3 in Fighting
  3054 | D:6      | Killed Edmund
  3054 | D:6      | Reached skill level 2 in Throwing
  3054 | D:6      | Reached skill level 3 in Dodging
  3072 | D:6      | Noticed Duvessa
  3112 | D:6      | Noticed Dowan
  3112 | D:6      | HP: 18/75 [wyvern zombie (11)]
  3112 | D:6      | HP: 8/75 [shadow imp (5)]
  3113 | D:6      | Slain by a wyvern zombie

Skill      XL: |  1  2  3  4  5  6  7  8 |
---------------+-------------------------+-----
Unarmed Combat | 4 5 6 8 9 |  9.4
Throwing       | 1 2 |  2.2
Fighting       | 3 |  3.4
Dodging        | 3 |  3.3
Stealth        | |  1.0

Action                   |  1- 3 |  4- 6 |  7- 9 || total
-------------------------+-------+-------+-------++-------
Melee: Unarmed           |    60 |   170 |    64 ||   294
       Punch             |     1 |     6 |     4 ||    11
Throw: Large rock        |     1 |     2 |     1 ||     4
  Use: Potion            |       |       |     2 ||     2
       Scroll            |       |       |    10 ||    10
 Stab: Sleeping          |     2 |     6 |     1 ||     9
       Distracted        |       |     1 |       ||     1
  Eat: Chunk             |    11 |    15 |     5 ||    31
Armor: Robe              |    19 |    46 |     8 ||    73
Dodge: Dodged            |    21 |    68 |    21 ||   110

Vault maps used:
D:1:      scummos_arrival_checkerplants
D:3:      first_bread, minmay_liquid_box, uniq_robin
D:5:      hangedman_decor_clover_reticule, xom_teletrap_fun, uniq_sigmund,
          uniq_menkaure, uniq_edmund
D:6:      uniq_grinder, uniq_duvessa, uniq_blork_the_orc

Table legend:
 A = Turns spent in this place as a percentage of turns spent in the entire game.
 B = Non-inter-level travel turns spent in this place as a percentage of non-inter-level travel turns spent in the entire game.
 C = Inter-level travel turns spent in this place as a percentage of turns spent in this place.
 D = Turns resting spent in this place as a percentage of non-inter-level travel turns spent in this place.
 E = Turns spent auto-exploring this place as a percentage of non-inter-level travel turns spent in this place.
 F = Non-inter-level travel turns spent in this place divided by the number of levels of this place that you've seen.
                   A       B       C       D       E      F
               +-------+-------+-------+-------+-------+----------------------
         Total | 100.0 | 100.0 |   0.4 |   3.3 |   9.1 | 185.0
       Dungeon | 100.0 | 100.0 |   0.4 |   3.3 |   9.1 | 185.0
               +-------+-------+-------+-------+-------+----------------------

Table legend:
 A = Kills in this place as a percentage of kills in entire the game.
 B = Kills by you in this place as a percentage of kills by you in the entire game.
 C = Kills by friends in this place as a percentage of kills by friends in the entire game.
 D = Other kills in this place as a percentage of other kills in the entire game.
 E = Experience gained in this place as a percentage of experience gained in the entire game.
 F = Experience gained in this place divided by the number of levels of this place that you have seen.
                   A       B       C       D       E      F
               +-------+-------+-------+-------+-------+----------------------
         Total | 100.0 | 100.0 |  -nan |  -nan | 100.0 | 317.3
       Dungeon | 100.0 | 100.0 |  -nan |  -nan | 100.0 | 317.3
               +-------+-------+-------+-------+-------+----------------------
